 Dungeon Crawl Stone Soup version 0.29-a0-770-g2e8140cf71 (webtiles) character file.

Game seed: 4639201808713196073

9 British0li the Ducker (level 2, 22/22 HPs)
             Began as a Demonspawn Gladiator on July 1, 2022.
             Got out of the dungeon alive.
             The game lasted 00:01:38 (791 turns).

British0li the Ducker (Demonspawn Gladiator)         Turns: 791, Time: 00:01:39

Health: 22/22      AC:  4    Str: 14    XL:     2   Next: 6%
Magic:  2/2        EV: 12    Int:  9    God:
Gold:   32         SH:  0    Dex: 14    Spells: 1/1 levels left

rFire   . . .      SeeInvis .   a - +0 long sword
rCold   . . .      Faith    .   (no shield)
rNeg    . . .      Spirit   .   b - +0 leather armour
rPois   .          Reflect  .   c - +0 helmet
rElec   .          Harm     .   (no cloak)
rCorr   .          Rampage  .   (no gloves)
Will    .....                   (no boots)
Stlth   +.........              (no amulet)
HPRegen 0.07/turn               (no ring)
MPRegen 0.08/turn               (no ring)

@: no status effects
A: sturdy frame 1
a: no special abilities


You escaped.
You visited 1 branch of the dungeon, and saw 1 of its levels.

You collected 32 gold pieces.

Inventory:

Hand Weapons
 a - a +0 long sword (weapon)
Missiles
 d - 3 throwing nets (quivered)
 e - a javelin
Armour
 b - a +0 leather armour (worn)
 c - a +0 helmet (worn)
Jewellery
 h - a ring of ice
Scrolls
 f - a scroll of noise {unknown}
Potions
 g - a potion of curing {unknown}
 i - a potion of flight {unknown}


   Skills:
 * Level 2.2 Fighting
 * Level 2.8 Long Blades
 - Level 2.0 Throwing
 + Level 2.8 Dodging


You had one spell level left.
You didn't know any spells.
Your spell library was empty.

Dungeon Overview and Level Annotations

Branches:
Dungeon (1/15)

Altars:


Innate Abilities, Weirdness & Mutations

Your movements are slightly less encumbered by armour. (ER -2)


Message History

You kill the hobgoblin!
A kobold comes into view. It is wielding a +0 whip.
The kobold shouts!
The kobold hits you with a +0 whip.
You barely miss the kobold. The kobold hits you but does no damage.
You slash the kobold!
You kill the kobold!
Your Throwing skill increases to level 2!
No target in view!
No target in view!
Things that are here:
a +0 whip; a kobold corpse A frilled lizard comes into view.
The frilled lizard hisses angrily.
A giant cockroach comes into view.
The frilled lizard bites you but does no damage.
You hit the frilled lizard.
You kill the frilled lizard!
The giant cockroach closely misses you.
You have reached level 2!
Your demonic ancestry asserts itself...
You feel less encumbered by your armour.
You barely miss the giant cockroach. The giant cockroach closely misses you.
The giant cockroach barely misses you.
You hit the giant cockroach.
You kill the giant cockroach!
No target in view!
No target in view!
You can't go up here!
You open the door.
There is an open door here.
You see here a +0 club.
There is a dry fountain here.
There is a dry fountain here.
There is a staircase leading out of the dungeon here.
Are you sure you want to leave the Dungeon?
This will make you lose the game!
Alright, then stay!
There is a staircase leading out of the dungeon here.
Are you sure you want to leave the Dungeon?
This will make you lose the game!
You have escaped!

.........#..........#...#
##....#............##..#
#..................#....
#..................#....
...............#.........
....##########.#.........
... ##### #.#......... .#
##.>.## #......####.
##..@..#######..####.
##.......## #.....#.
##..⌠...⌠..## ##.##.#.
##...........## #.#....
##.⌠.(..⌠....⌠.## #......
##...............#####....
##..⌠...⌠...⌠...⌠..## #...#
##...................###...#
#.....(⌠.......⌠......##...#


There were no monsters in sight!

Vanquished Creatures
  An endoplasm (D:1)
  A giant cockroach (D:1)
  2 goblins (D:1)
  A hobgoblin (D:1)
  A kobold (D:1)
  A ball python (D:1)
  A frilled lizard (D:1)
8 creatures vanquished.

Notes
Turn   | Place    | Note
-------+----------+-------------------------------------------
     0 | D:1      | British0li the Demonspawn Gladiator began the quest for the
                  | Orb.
     0 | D:1      | Reached XP level 1. HP: 16/16 MP: 1/1
   683 | D:1      | Gained mutation: Your movements are slightly less
                  | encumbered by armour. (ER -2) [demonic ancestry]
   683 | D:1      | Reached XP level 2. HP: 22/22 MP: 2/2
   791 | D:$      | Got out of the dungeon alive.

Illustrated notes

Levels and vault maps discovered:
D:1:      dpeg_arrival_lava_temple_mockup, layout_basic, hangedman_decor_push,
          nicolae_figureground_pulse

Skill      XL: |  1 |
---------------+----+-----
Throwing       | 2 |  2.0
Fighting       | |  2.2
Long Blades    | |  2.8
Dodging        | |  2.8

Action                   || total
-------------------------++-------
Melee: Long sword        ||    26
Armor: Leather armour    ||     8
Dodge: Dodged            ||    17

Table legend: (Time is in decaauts)
 A = Elapsed time spent in this place.
 B = Non-inter-level travel time spent in this place.
 C = Inter-level travel time spent in this place.
 D = Time resting spent in this place.
 E = Time spent auto-exploring this place.
 F = Levels seen in this place.
 G = Mean time per level.
                   A        B        C        D        E       F      G
               +--------+--------+--------+--------+--------+-----+--------+
         Total |    798 |    695 |    103 |      0 |    617 |   1 |  798.0 |
       Dungeon |    798 |    695 |    103 |      0 |    617 |   1 |  798.0 |
               +--------+--------+--------+--------+--------+-----+--------+

Top non-repeatable levels by time:
     D:1: 798 daAuts
